Match 46225622
Unlisted

Match 46225622
End
Construct Section Command Post
Vickers Machine Gun Team
Selects Canadian Shock Battlegroup
Dingo Light Scout Car
Vickers Machine Gun Team
Construct Platoon Command Post
Selects Attacking Spirit
Selects Canadian Shock Section
Canadian Shock Section
Canadian Shock Section
Selects Incendiary Munitions
Construct Field Infirmary
Selects Pyrotechnics
Construct Company Command Post
Selects Point Assault
Crusader II Medium Tank
ML 3-inch Mortar Team
Point Assault
Unlock M3 Grant Medium Tanks
Unlock Bishop Self-propelled Artillery
Vickers Machine Gun Team
Selects Demolition Engineering
M3 Grant Medium Tank
M3 Grant Medium Tank
Demolition Engineering
Unlock Towed 17-pounder Anti-tank Guns
17-pounder Anti-tank Gun Team
Wonky
iiruoz
DCL_USDC
t48football
晨曦朝露
geitje1
XXxxxGxxxXX
Доминик Декоко
0
0

Comments sign in to comment!

No comments posted yet!